 Dungeon Crawl Stone Soup version 0.22-a0-433-gd2a9cce (webtiles) character file.

3469 MisterFreud the Impaler (level 10, 0/67 HPs)
             Began as a Merfolk Gladiator on May 28, 2018.
             Was a Follower of the Shining One.
             Slain by a sixfirhy (9 damage)
             ... on level 7 of the Dungeon.
             The game lasted 00:14:26 (7817 turns).

MisterFreud the Impaler (Merfolk Gladiator)         Turns: 7817, Time: 00:14:26

Health: 0/67       AC:  5    Str: 14    XL:     10   Next: 6%
Magic:  10/10      EV: 20    Int:  8    God:    the Shining One [*.....]
Gold:   466        SH:  0    Dex: 19    Spells: 9/9 levels left

rFire    . . .     SeeInvis +   A - +0 halberd
rCold    . . .     Gourm    .   (shield currently unavailable)
rNeg     + . .     Faith    +   b - +0 leather armour
rPois    .         Spirit   .   c - +0 helmet
rElec    .         Reflect  .   (no cloak)
rCorr    .         Harm     .   x - +0 pair of gloves
MR       .....                  (no boots)
Stlth    +.........             y - amulet of faith
HPRegen  0.21/turn              l - ring of positive energy
MPRegen  0.12/turn              R - ring of see invisible

@: glowing
A: change form in water, swift swim, stealthy swim
a: Renounce Religion


You were on level 7 of the Dungeon.
You worshipped the Shining One.
The Shining One was aware of your devotion.
You were hungry.

You visited 2 branches of the dungeon, and saw 9 of its levels.

You collected 466 gold pieces.

Inventory:

Hand Weapons
 a - a +0 trident
 A - a +0 halberd (weapon)
Missiles
 d - 4 throwing nets (quivered)
 h - 308 stones
 i - 152 arrows
 m - 30 poisoned needles
 p - 86 sling bullets
 H - 17 bolts
Armour
 b - a +0 leather armour (worn)
 c - a +0 helmet (worn)
 x - a +0 pair of gloves (worn)
Jewellery
 l - a ring of positive energy (left hand)
 y - an amulet of faith (around neck)
 L - an uncursed ring of flight
 R - a ring of see invisible (right hand)
Wands
 s - a wand of flame (29)
 t - a wand of disintegration (12)
 v - a wand of polymorph (9)
 z - a wand of paralysis (7)
 C - a wand of random effects (30)
 O - a wand of acid (5)
 Q - a wand of enslavement (19)
Scrolls
 e - 2 scrolls of teleportation
 g - 8 scrolls of remove curse
 j - 3 scrolls of enchant armour {unknown}
 q - a scroll of random uselessness {unknown}
 B - 2 scrolls of immolation {unknown}
 D - a scroll of fear {unknown}
 E - 3 scrolls of amnesia {unknown}
 I - 2 scrolls of blinking {unknown}
 J - 3 scrolls of identify
Potions
 k - a potion of brilliance
 n - 3 potions of haste {unknown}
 o - 2 potions of invisibility {unknown}
 r - 2 potions of curing {unknown}
 u - a potion of agility {unknown}
 w - a potion of magic {unknown}
 F - 2 potions of cancellation {unknown}
 G - 3 potions of heal wounds {unknown}
 K - a potion of flight {unknown}
 M - a potion of degeneration {unknown}
 N - a potion of mutation {unknown}
Comestibles
 f - 9 rations


   Skills:
 - Level 2.1 Fighting
 - Level 16.0 Polearms
 - Level 2.0 Throwing
 + Level 10.7 Dodging


You had 9 spell levels left.
You didn't know any spells.
Your spell library was empty.

Dungeon Overview and Level Annotations

Branches:
Dungeon (8/15)             Temple (1/1) D:7
   Lair: D:8-11

Altars:
Ashenzari
Dithmenos
Elyvilon
Gozag
Kikubaaqudgha
Makhleb
Nemelex Xobeh
Okawaru
Qazlal
Ru
Sif Muna
Trog
Vehumet
Wu Jian
Yredelemnul
The Shining One

Shops:
D:5 *

Annotations:
D:8 Mgcat's ghost, novice HOBe


Message History

You are too injured to fight recklessly!
You are too injured to fight recklessly!
Attack whom?
Press: ? - help, Dir - move target cursor, f - sixfirhy
Aim: a sixfirhy You reach to attack!
You closely miss the sixfirhy.
Attack whom?
Press: ? - help, Dir - move target cursor, f/p - sixfirhy
Aim: a sixfirhy You reach to attack!
You closely miss the sixfirhy. You completely miss the sixfirhy.
The sixfirhy hits you.
* * * LOW HITPOINT WARNING * * *
The sixfirhy shocks you!
* * * LOW HITPOINT WARNING * * *
The sixfirhy barely misses you. x2
You hit the sixfirhy but do no damage.
The sixfirhy hits you but does no damage. x2
The sixfirhy completely misses you.
You closely miss the sixfirhy. The sixfirhy hits you!
You die...

#....#..'....#..#...#.........#
##....####....#'###..#.........#
#......#.###......#..#....####..
#......#...'......#..#....#..'..
#......#...#......#..#....#..#..
#......#...#.........#....#..#..
#......#...#........##....####..
##......###.#....###.........####
..##+######.####@3$#.........#...
..#...........##.###.........#...
..#..>........##.............#...
..#...........#####..........#...
..##'######..## #..........#...
####.######..######..........####
..#....#..........##'#####.....#.
..+.)..'...........'.....#.....'.
..#....#...........#.....'.....#.


You could see a sixfirhy.

Vanquished Creatures
  Pikel (D:5)
  The ghost of azzavlup the Carver, a novice DsAK of Lugonu (D:7)
  A hippogriff (D:7)
  The ghost of nikopol the Firebug, an amateur DEFE (D:3)
  A sky beast (D:5)
  An ice beast (D:7)
  A slave (D:5)
  2 ogres
  A black bear (D:7)
  A centaur (D:5)
  3 phantoms
  A bullfrog (D:6)
  2 scorpions (D:7)
  5 killer bees (D:7)
  4 wights (D:7)
  2 howler monkeys
  A crimson imp (D:7)
  3 hounds
  2 orc priests (D:6)
  A centaur skeleton (D:5)
  2 orc wizards
  2 bullfrog skeletons
  Ijyb (D:3)
  Terence (D:2)
  5 iguanas
  2 worker ants
  A hound skeleton (D:5)
  A howler monkey zombie (D:7)
  2 worker ant zombies
  Robin (D:2)
  11 gnolls
  6 adders
  2 oozes
  An adder zombie (D:7)
  3 worms
  2 leopard geckos
  20 orcs
  A ball python (D:1)
  6 giant cockroaches
  12 goblins
  13 hobgoblins
  16 jackals
  A quokka (D:2)
  6 bats
  2 frilled lizards
  6 kobolds
  A quokka zombie (D:5)
  14 rats
176 creatures vanquished.

Notes
Turn   | Place    | Note
-------+----------+-------------------------------------------
     0 | D:1      | MisterFreud the Merfolk Gladiator began the quest for the Orb.
     0 | D:1      | Reached XP level 1. HP: 16/16 MP: 1/1
   149 | D:1      | Reached skill level 5 in Polearms
   150 | D:1      | Reached XP level 2. HP: 18/22 MP: 2/2
   411 | D:1      | Reached skill level 6 in Polearms
   411 | D:1      | Reached XP level 3. HP: 27/27 MP: 3/3
   856 | D:2      | Reached skill level 7 in Polearms
   856 | D:2      | Reached XP level 4. HP: 12/33 MP: 4/4
  1188 | D:2      | Noticed Terence
  1222 | D:2      | Killed Terence
  1227 | D:2      | Reached skill level 8 in Polearms
  1348 | D:2      | Reached XP level 5. HP: 38/38 MP: 5/5
  1625 | D:2      | Found a sacrificial altar of Ru.
  1634 | D:2      | Noticed Robin
  1693 | D:2      | Killed Robin
  2048 | D:3      | Noticed Ijyb
  2048 | D:3      | Noticed nikopol's ghost (amateur DEFE)
  2540 | D:3      | Found a shadowy altar of Dithmenos.
  2541 | D:3      | Found an ancient bone altar of Kikubaaqudgha.
  2545 | D:3      | Found a radiant altar of Vehumet.
  2545 | D:3      | Found a bloodstained altar of Trog.
  2548 | D:3      | Found a sacrificial altar of Ru.
  2549 | D:3      | Found a basalt altar of Yredelemnul.
  2709 | D:3      | Reached skill level 9 in Polearms
  2717 | D:3      | Found a stormy altar of Qazlal.
  2766 | D:3      | Paralysed by Ijyb for 7 turns
  2776 | D:3      | Killed Ijyb
  2776 | D:3      | Reached XP level 6. HP: 9/44 MP: 6/6
  3127 | D:3      | Killed nikopol's ghost
  3127 | D:3      | Reached skill level 10 in Polearms
  3616 | D:4      | Noticed a phantom
  3661 | D:4      | Killed a phantom
  3661 | D:4      | Reached skill level 11 in Polearms
  3661 | D:4      | Reached XP level 7. HP: 25/50 MP: 7/7
  4517 | D:4      | Reached skill level 12 in Polearms
  4704 | D:5      | Entered Level 5 of the Dungeon
  4776 | D:5      | Found Fuborr's Assorted Antiques.
  4829 | D:5      | Reached XP level 8. HP: 49/56 MP: 8/8
  4909 | D:5      | Reached skill level 13 in Polearms
  5388 | D:5      | Noticed Pikel
  5431 | D:5      | Killed Pikel
  5431 | D:5      | Reached skill level 15 in Polearms
  5765 | D:6      | Reached XP level 9. HP: 42/61 MP: 9/9
  6561 | D:7      | Reached skill level 16 in Polearms
  6602 | D:7      | Found a runed door.
  6602 | D:7      | Noticed a sixfirhy
  6611 | D:7      | Found a staircase to the Ecumenical Temple.
  6619 | Temple   | Entered the Ecumenical Temple
  6663 | Temple   | Became a worshipper of the Shining One
  6750 | D:7      | Reached skill level 5 in Dodging
  7135 | D:7      | Noticed azzavlup's ghost (novice DsAK)
  7152 | D:7      | Killed azzavlup's ghost
  7263 | D:7      | Reached * piety under the Shining One
  7392 | D:7      | Reached skill level 10 in Dodging
  7406 | D:7      | Reached XP level 10. HP: 55/67 MP: 10/10
  7763 | D:8      | Noticed Mgcat's ghost (novice HOBe)
  7817 | D:7      | Slain by a sixfirhy

Vault maps used:
D:1:      giann_forest_graveyard
D:2:      nicolae_ru_sacrificial_ziggurat, uniq_robin, uniq_terence
D:3:      grunt_temple_overflow_open, nicolae_qazlal_eye_of_the_storm, uniq_ijyb
D:5:      serial_shops, kennysheep_mini, first_ration, uniq_pikel
D:6:      nicolae_lava_and_water
D:7:      cheibrodos_shockbox
D:8:      kennysheep_blocky_room, zin_academy, uniq_erica
Temple:   regret_index_temple_waves

Skill      XL: |  1  2  3  4  5  6  7  8  9 |
---------------+----------------------------+-----
Polearms       | 5 6 7 8 9 11 12 15 16 | 16.0
Dodging        | 10 | 10.7
Fighting       | |  2.1
Throwing       | |  2.0

Action                   |  1- 3 |  4- 6 |  7- 9 | 10-12 || total
-------------------------+-------+-------+-------+-------++-------
Melee: Trident           |    99 |   206 |       |       ||   305
       Halberd           |       |    66 |   358 |    35 ||   459
  Use: Scroll            |       |     4 |       |       ||     4
       Potion            |       |       |     1 |       ||     1
 Stab: Sleeping          |     2 |       |     3 |       ||     5
  Eat: Chunk             |       |     6 |     9 |       ||    15
       Ration            |       |     1 |     1 |       ||     2
Armor: Leather armour    |    14 |    49 |    35 |     5 ||   103
       Skin              |       |       |     8 |       ||     8
Dodge: Dodged            |    53 |   151 |   163 |    19 ||   386

Table legend:
 A = Spawn XP
 B = Non-spawn XP
 C = Spawn XP percentage of total XP
 D = Spawn monster count
 E = Non-spawn monster count
 F = Spawn count percentage of total count
 G = Total turns spent on level
                    A         B        C        D         E        F      G
               +---------+---------+-------+---------+---------+-------+---------
         Total |       0 |    4957 |   0.0 |       0 |     175 |   0.0 |  7817
               +---------+---------+-------+---------+---------+-------+---------
           D:1 |       0 |      57 |   0.0 |       0 |      31 |   0.0 |   787
           D:2 |       0 |     174 |   0.0 |       0 |      34 |   0.0 |  1491
           D:3 |       0 |     262 |   0.0 |       0 |      19 |   0.0 |  1018
           D:4 |       0 |     474 |   0.0 |       0 |      29 |   0.0 |  1408
           D:5 |       0 |    1322 |   0.0 |       0 |      12 |   0.0 |   947
           D:6 |       0 |     362 |   0.0 |       0 |      17 |   0.0 |   880
           D:7 |       0 |    2303 |   0.0 |       0 |      32 |   0.0 |  1179
           D:8 |       0 |       3 |   0.0 |       0 |       1 |   0.0 |    19
               +---------+---------+-------+---------+---------+-------+---------
